 Dungeon Crawl Stone Soup version 0.31-a0-1237-gabc64e778c (webtiles) character file.

Game seed: 6056878586841554613

70 Inarius the Chopper (level 4, -3/40 HPs)
             Began as a Hill Orc Chaos Knight on Dec 15, 2023.
             Was a Plaything of Xom.
             Slain by a gnoll
             ... wielding a +0 halberd
              (9 damage)
             ... on level 2 of the Dungeon.
             The game lasted 00:01:11 (1008 turns).

Inarius the Chopper (Hill Orc Chaos Knight)         Turns: 1008, Time: 00:01:11

Health: -3/40      AC:  6    Str: 16    XL:     4   Next: 21%
Magic:  4/4        EV: 11    Int: 12    God:    Xom [*.....]
Gold:   44         SH:  0    Dex: 10    Spells: 3/3 levels left

rFire   . . .        f - +0 battleaxe
rCold   . . .        (shield currently unavailable)
rNeg    . . .        b - +2 leather armour
rPois   .            (helmet restricted)
rElec   .            (no cloak)
rCorr   .            (no gloves)
SInv    .            d - +0 pair of boots
Will    .....        (no amulet)
Stlth   +            (no ring)
HPRegen 0.26/turn    (no ring)
MPRegen 0.09/turn

%: no passive effects
@: no status effects
A: horns 1
a: Renounce Religion


You were on level 2 of the Dungeon.
You worshipped Xom.
You were a special plaything of Xom.
You visited 1 branch of the dungeon, and saw 2 of its levels.

You collected 44 gold pieces.

Inventory:

Hand Weapons
 a - a +0 hand axe of chaos
 f - a +0 battleaxe (weapon)
Armour
 b - a +2 leather armour (worn)
 d - a +0 pair of boots (worn)
Scrolls
 c - a scroll of butterflies
 e - a scroll of identify {unknown}
 g - a scroll of noise {unknown}
 h - a scroll of amnesia {unknown}
 j - a scroll of revelation {unknown}
Potions
 i - 2 potions of lignification {unknown}


   Skills:
 + Level 3.9 Fighting
 * Level 6.0 Axes
 + Level 2.3 Armour
 + Level 1.1 Dodging


You had 3 spell levels left.
You didn't know any spells.
Your spell library contained the following spells:

 Spells                   Type           Power      Damage    Failure   Level
 Cigotuvi's Dreadful Rot  Necr/Pois/Air  0%         N/A       52%         2
 Dispel Undead            Necr           0%         3d6       98%         4
 Death Channel            Necr           0%         N/A       100%        6


Dungeon Overview and Level Annotations

Branches:
Dungeon (2/15)

Altars:


Innate Abilities, Weirdness & Mutations

You have a pair of small horns on your head.


Message History

The gnoll moves out of view.
There are monsters nearby!
There are monsters nearby! 2 gnolls come into view.
Found a murky amethyst potion.
The gnoll shouts! x2
The gnoll closely misses you.
You hit the gnoll.
The gnoll is moderately wounded.
You hit the dart slug.
The dart slug bites you but does no damage.
You slash the dart slug!
You kill the dart slug!
You hit the gnoll.
Your crimson imp hits the gnoll.
The gnoll barely misses you. The gnoll misses you.
Your crimson imp hits the gnoll.
The gnoll misses you. The gnoll hits you with a +0 club.
The gnoll hits you but does no damage.
You hit the gnoll.
You kill the gnoll!
You slash the gnoll! The gnoll hits you with a +0 flail!
The gnoll closely misses you. The gnoll barely misses you.
Your Axes skill increases to level 6!
Your Dodging skill increases to level 1!
You have reached level 4!
You hit the gnoll.
You kill the gnoll!
Your crimson imp hits the gnoll.
The gnoll hits you but does no damage. The gnoll closely misses you.
Your crimson imp blinks!
The gnoll attacks as it pursues you! The gnoll barely misses you.
The gnoll attacks as it pursues you!
The gnoll hits you from afar with a +0 halberd!
The gnoll hits you from afar with a +0 halberd!
* * * LOW HITPOINT WARNING * * *
The gnoll attacks as it pursues you!
The gnoll hits you from afar with a +0 halberd.
* * * LOW HITPOINT WARNING * * *
The gnoll attacks as it pursues you!
The gnoll hits you from afar with a +0 halberd!
You die...

##...#
##........#
#######..##.....#
#.......#.5...#
..........#.....#
###.......#..g..#
#........###.###
..........# #g#
..######### #.# .
#@# #######.####
#..........#
#..........#
#..........#
#.......<..#
#..........#
#..........#
#..........#


You could see 2 gnolls and a friendly crimson imp (summoned).

Vanquished Creatures
  2 gnolls (D:2)
  An adder (D:2)
  2 dart slugs
  6 endoplasms (D:1)
  2 giant cockroaches (D:1)
  5 goblins (D:1)
  2 hobgoblins
  2 quokkas (D:1)
  3 ball pythons (D:1)
  4 bats (D:1)
  A frilled lizard (D:2)
  A kobold (D:1)
  5 rats (D:1)
36 creatures vanquished.

Notes
Turn   | Place    | Note
-------+----------+-------------------------------------------
     0 | D:1      | Inarius the Hill Orc Chaos Knight began the quest for the
                  | Orb.
     0 | D:1      | Reached XP level 1. HP: 19/19 MP: 1/1
   126 | D:1      | XOM: divination: detect creatures
   151 | D:1      | XOM: scenery: summon butterflies
   179 | D:1      | XOM: potion effect (haste)
   180 | D:1      | Reached XP level 2. HP: 27/27 MP: 2/2
   446 | D:1      | Reached skill level 5 in Axes
   466 | D:1      | Reached XP level 3. HP: 33/33 MP: 3/3
   504 | D:1      | XOM: give mutation
   504 | D:1      | Gained mutation: You have a pair of small horns on your
                  | head. [Xom's grace]
   543 | D:1      | XOM: cloud trail
   745 | D:1      | XOM: scenery: 2 doors close
   924 | D:2      | XOM: summons friendly crimson imp
   933 | D:2      | XOM: summons 4 hostile shadow creatures
   994 | D:2      | Reached skill level 6 in Axes
   994 | D:2      | Reached skill level 1 in Dodging
   994 | D:2      | Reached XP level 4. HP: 25/40 MP: 4/4
  1008 | D:2      | Slain by a gnoll

Illustrated notes

Levels and vault maps discovered:
D:1:      dpeg_arrival_subterranean_lakeside_camping, layout_basic
D:2:      layout_rooms, nicolae_ecumenical_oubliette, uniq_terence

Skill      XL: |  1  2  3 |
---------------+----------+-----
Axes           | 5 6 |  6.0
Dodging        | 1 |  1.1
Fighting       | |  3.9
Armour         | |  2.3

Action                     |  1- 3 |  4- 6 || total
---------------------------+-------+-------++-------
  Melee: Hand axe          |    32 |       ||    32
         Battleaxe         |    60 |     1 ||    61
         Punch             |     1 |       ||     1
 Armour: Leather armour    |    57 |     5 ||    62
  Dodge: Dodged            |    70 |     2 ||    72

Table legend: (Time is in decaauts)
 A = Elapsed time spent in this place.
 B = Non-inter-level travel time spent in this place.
 C = Inter-level travel time spent in this place.
 D = Time resting spent in this place.
 E = Time spent auto-exploring this place.
 F = Levels seen in this place.
 G = Mean time per level.
                   A        B        C        D        E       F      G
               +--------+--------+--------+--------+--------+-----+--------+
         Total |   1018 |    991 |     27 |      0 |    747 |   2 |  509.0 |
       Dungeon |   1018 |    991 |     27 |      0 |    747 |   2 |  509.0 |
               +--------+--------+--------+--------+--------+-----+--------+

Top non-repeatable levels by time:
     D:1: 895 daAuts
     D:2: 122 daAuts
